 Dungeon Crawl Stone Soup version 0.26.1-11-gd32895ea62 (webtiles) character file.

Game seed: 2324691308754801003

2206 alexmat1513 the Slasher (level 9, -1/68 HPs)
             Began as a Human Fighter on May 25, 2021.
             Slain by an orc warrior
             ... wielding a +0 halberd
              (17 damage)
             ... on level 6 of the Dungeon.
             The game lasted 00:19:02 (10853 turns).

alexmat1513 the Slasher (Human Fighter)            Turns: 10853, Time: 00:19:03

Health: -1/68      AC: 12    Str: 18    XL:     9   Next: 60%
Magic:  9/9        EV:  8    Int: 11    God:
Gold:   228        SH: 11    Dex: 12    Spells: 8/8 levels left

rFire    . . .     SeeInvis .   a - +1 long sword
rCold    . . .     Faith    .   c - +1 kite shield
rNeg     . . .     Spirit   .   r - +1 scale mail {rPois}
rPois    +         Reflect  .   (no helmet)
rElec    .         Harm     .   n - +1 cloak
rCorr    .         Rampage  .   (no gloves)
Will     .....                  b - +0 pair of boots
Stlth    ..........             (no amulet)
HPRegen  0.21/turn              h - ring of flight
MPRegen  0.11/turn              (no ring)

@: no status effects
A: no striking features
a: Evoke Flight


You were on level 6 of the Dungeon.
You visited 1 branch of the dungeon, and saw 6 of its levels.

You collected 447 gold pieces.
You spent 219 gold pieces at shops.

Inventory:

Hand Weapons
 a - a +1 long sword (weapon)
 j - a +0 hunting sling
Missiles
 v - 25 sling bullets
Armour
 b - a +0 pair of boots (worn)
 c - a +1 kite shield (worn)
 n - a +1 cloak (worn)
 r - a +1 scale mail of poison resistance (worn)
Jewellery
 h - a ring of flight (left hand)
 o - an uncursed ring of positive energy {unknown}
 w - an uncursed ring of willpower
Scrolls
 e - 2 scrolls of fear
 g - 2 scrolls of remove curse
 i - 4 scrolls of teleportation
 p - a scroll of identify
 u - 2 scrolls of blinking
 x - a scroll of enchant weapon
 y - a scroll of magic mapping
Potions
 d - 3 potions of might
 f - 5 potions of haste
 k - a potion of mutation
 l - 5 potions of curing
 m - 2 potions of cancellation
 q - 2 potions of lignification {unknown}
 s - a potion of flight {unknown}
 t - 2 potions of attraction {unknown}
 z - 2 potions of heal wounds


   Skills:
 * Level 5.0 Fighting
 * Level 7.0 Long Blades
 * Level 4.6 Slings
 * Level 5.8 Armour
 + Level 1.8 Dodging
 + Level 0.1 Stealth
 * Level 6.3 Shields


You had 8 spell levels left.
You didn't know any spells.
Your spell library contained the following spells:

 Spells                   Type           Power        Failure   Level
 Confusing Touch          Hex            0%           100%        3
 Gell's Gravitas          Tloc           0%           100%        3
 Petrify                  Tmut/Erth      0%           100%        4
 Metabolic Englaciation   Hex/Ice        0%           100%        5
 Yara's Violent Unravell  Hex/Tmut       0%           100%        5


Dungeon Overview and Level Annotations

Branches:
Dungeon (6/15)
 Temple: D:4-7

Altars:
Gozag
Zin

Shops:
D:4 *


Message History

You slash the orc!
You kill the orc!
You block the orc warrior's attack.
Unknown command.
Your scale mail prevents you from hitting the orc warrior.
The orc warrior hits you with a +0 halberd.
You slash the orc warrior!
The orc warrior is heavily wounded.
You block the orc warrior's attack.
You closely miss the orc warrior.
The orc warrior is heavily wounded.
Unknown command.
You hit the orc warrior but do no damage.
The orc warrior is heavily wounded.
The orc warrior hits you with a +0 halberd!
* * * LOW HITPOINT WARNING * * *
You closely miss the orc warrior.
The orc warrior is moderately wounded.
The orc warrior hits you with a +0 halberd!
You die...

#########
#o)......
#####@#
#....)#
#.#####
#.# #.#
#.#
#######.#
#.......#
#.####..#


You could see an orc warrior.

Vanquished Creatures
  Prince Ribbit (D:5)
  Menkaure (D:5)
  A phantom (D:6)
  A necrophage (D:5)
  An ogre (D:5)
  2 centaurs (D:6)
  A gnoll sergeant (D:3)
  4 scorpions
  A bullfrog zombie (D:5)
  7 hounds
  A quasit (D:6)
  4 orc wizards
  An orc priest (D:6)
  3 gnoll shamans
  An iguana (D:4)
  4 worker ants
  A hound skeleton (D:4)
  37 gnolls
  7 adders
  2 white imps (D:6)
  2 ufetubi (D:6)
  2 adder skeletons
  2 worms
  4 dart slugs
  The ghost of ZZKoverts the Sneak, a weakling DEDe (D:4)
  3 leopard geckos
  16 orcs
  3 giant cockroaches
  10 goblins
  11 hobgoblins
  17 jackals
  2 quokkas (D:5)
  A ball python (D:1)
  8 bats
  2 frilled lizards
  6 kobolds
  A quokka skeleton (D:6)
  7 rats
179 creatures vanquished.

Vanquished Creatures (others)
  4 plants (D:3)
4 creatures vanquished.

Grand Total: 183 creatures vanquished

Notes
Turn   | Place    | Note
-------+----------+-------------------------------------------
     0 | D:1      | alexmat1513 the Human Fighter began the quest for the Orb.
     0 | D:1      | Reached XP level 1. HP: 18/18 MP: 1/1
    60 | D:1      | Reached XP level 2. HP: 13/24 MP: 2/2
   324 | D:1      | Reached XP level 3. HP: 29/29 MP: 3/3
   845 | D:2      | Reached XP level 4. HP: 11/35 MP: 4/4
  1602 | D:2      | Reached skill level 3 in Long Blades
  1869 | D:3      | Reached XP level 5. HP: 34/41 MP: 5/5
  3054 | D:3      | Reached skill level 4 in Long Blades
  3054 | D:3      | Reached XP level 6. HP: 18/47 MP: 6/6
  4926 | D:3      | Reached skill level 1 in Slings
  4926 | D:3      | Reached XP level 7. HP: 23/53 MP: 7/7
  6001 | D:3      | Reached skill level 5 in Long Blades
  6804 | D:4      | Found a runed translucent gate.
  6804 | D:4      | Found a runed translucent gate.
  6804 | D:4      | Found a runed translucent gate.
  6804 | D:4      | Noticed ZZKoverts's ghost (weakling DEDe)
  6821 | D:4      | Killed ZZKoverts's ghost
  6987 | D:4      | Found Jocisu Rocs's General Store.
  6991 | D:4      | Bought a scroll of blinking for 82 gold pieces
  6991 | D:4      | Bought a scroll of enchant weapon for 82 gold pieces
  6991 | D:4      | Bought a potion of heal wounds for 55 gold pieces
  7004 | D:4      | Reached XP level 8. HP: 60/60 MP: 8/8
  7024 | D:4      | Reached skill level 5 in Shields
  7312 | D:4      | Reached skill level 1 in Dodging
  7607 | D:5      | Entered Level 5 of the Dungeon
  7880 | D:5      | Reached skill level 6 in Long Blades
  8155 | D:5      | Noticed Menkaure
  8160 | D:5      | Killed Menkaure
  8161 | D:5      | Reached XP level 9. HP: 55/66 MP: 9/9
  8473 | D:5      | Noticed Prince Ribbit
  9458 | D:5      | Killed Prince Ribbit
  9459 | D:5      | Reached skill level 5 in Armour
  9833 | D:6      | Found an opulent altar of Gozag.
 10190 | D:6      | Reached skill level 7 in Long Blades
 10717 | D:6      | Reached skill level 5 in Fighting
 10764 | D:6      | Found a glowing silver altar of Zin.
 10853 | D:6      | Slain by an orc warrior

Illustrated notes

Levels and vault maps discovered:
D:1:      dpeg_arrival_long_road, layout_basic, st_stairs_4, minmay_distorted
D:2:      layout_loops_cross, minivault_26, chequers_serial_rivers_small_b,
          nrook_loot_triangle, dk_noncrumbling_4, minivault_25,
          item_on_display_b
D:3:      lemuel_castle_with_subvaults [lemuel_castle_interior_carwin_3],
          layout_basic, minmay_close_crescents
D:4:      layout_loops_ring, ebering_ghost_rock_garden, serial_shops, shop
D:5:      layout_loops_ring, uniq_menkaure, uniq_prince_ribbit1
D:6:      layout_loops_corners, kennysheep_mini, portal_sewer_entry_e,
          minmay_misc_feat_square, serial_park_tiny_2, grunt_gozag_statues

Skill      XL: |  1  2  3  4  5  6  7  8  9 |
---------------+----------------------------+-----
Long Blades    | 3 4 5 6 7 |  7.0
Shields        | 4 5 6 |  6.3
Slings         | 1 2 4 |  4.6
Fighting       | 4 5 |  5.0
Armour         | 4 5 |  5.8
Dodging        | 1 |  1.8
Stealth        | |  0.1

Action                   |  1- 3 |  4- 6 |  7- 9 || total
-------------------------+-------+-------+-------++-------
Melee: Long sword        |   109 |   219 |   478 ||   806
 Fire: Hunting sling     |       |     3 |    83 ||    86
  Use: Scroll            |     7 |     1 |     8 ||    16
Armor: Scale mail        |    69 |   165 |   220 ||   454
Dodge: Dodged            |    33 |   112 |   177 ||   322
Block: Kite shield       |    59 |   189 |   335 ||   583
       Rpst.: Long sword |     8 |    33 |    42 ||    83
